 Dungeon Crawl Stone Soup version 0.22-a0-542-gce4f928 (webtiles) character file.

741 iamserjio the Covert (level 7, 0/56 HPs)
             Began as a Gnoll Assassin on June 24, 2018.
             Shot with an arrow by a centaur (4 damage)
             ... on level 5 of the Dungeon.
             The game lasted 00:09:08 (1276 turns).

iamserjio the Covert (Gnoll Assassin)               Turns: 1276, Time: 00:09:09

Health: 0/56       AC:  7    Str: 13    XL:     7   Next: 75%
Magic:  10/10      EV: 13    Int: 15    God:
Gold:   160        SH:  0    Dex: 17    Spells: 11/11 levels left

rFire    . . .     SeeInvis .   l - +1 long sword
rCold    . . .     Gourm    .   (no shield)
rNeg     . . .     Faith    .   p - +0 leather armour
rPois    .         Spirit   .   (no helmet)
rElec    .         Reflect  .   d - +1 cloak
rCorr    .         Harm     .   w - +0 pair of gloves
MR       .....                  z - +0 pair of boots
Stlth    ++++......             (no amulet)
HPRegen  0.18/turn              (no ring)
MPRegen  0.12/turn              (no ring)

@: lethally poisoned (0 -> -2)
A: distributed training, fangs 1, strong nose
a: no special abilities


You were on level 5 of the Dungeon.
You were hungry.

You visited 1 branch of the dungeon, and saw 6 of its levels.

You collected 160 gold pieces.

Inventory:

Hand Weapons
 a - a +2 dagger
 b - a +0 blowgun
 h - a +0 spear
 i - a +0 mace
 l - a +1 long sword (weapon)
 o - a +2 flail of protection
Missiles
 e - 13 poisoned needles
 f - 2 curare-tipped needles {!f}
Armour
 c - a +0 robe
 d - a +1 cloak (worn)
 k - a +0 ring mail
 p - a +0 leather armour (worn)
 w - a +0 pair of gloves (worn)
 z - a +0 pair of boots (worn)
Scrolls
 j - a scroll of fear
 r - a scroll of remove curse {@r2}
 s - 2 scrolls of identify {@r1}
 v - a scroll of teleportation
 x - a scroll of random uselessness {unknown}
Potions
 m - a potion of flight
 n - a potion of invisibility {unknown}
 q - a potion of haste {unknown}
 t - a potion of brilliance {unknown}
 u - a potion of berserk rage {unknown}
Comestibles
 g - 5 rations


   Skills:
 + Level 5.3 Fighting
 + Level 5.3 Short Blades
 + Level 2.6 Long Blades
 + Level 2.6 Axes
 + Level 2.6 Maces & Flails
 + Level 2.6 Polearms
 + Level 2.6 Staves
 + Level 2.6 Slings
 + Level 2.6 Bows
 + Level 2.6 Crossbows
 + Level 5.3 Throwing
 + Level 2.6 Armour
 + Level 3.7 Dodging
 + Level 8.2 Stealth
 + Level 2.6 Shields
 + Level 2.6 Unarmed Combat
 + Level 2.6 Spellcasting
 + Level 2.1 Conjurations
 + Level 2.1 Hexes
 + Level 2.1 Charms
 + Level 2.1 Summonings
 + Level 2.1 Necromancy
 + Level 2.1 Translocations
 + Level 2.1 Transmutations
 + Level 2.1 Fire Magic
 + Level 2.1 Ice Magic
 + Level 2.1 Air Magic
 + Level 2.1 Earth Magic
 + Level 2.1 Poison Magic
 + Level 2.9 Invocations
 + Level 2.6 Evocations


You had 11 spell levels left.
You didn't know any spells.
Your spell library was empty.

Dungeon Overview and Level Annotations

Branches:
Dungeon (6/15)
 Temple: D:4-7

Altars:
Vehumet
Xom


Innate Abilities, Weirdness & Mutations

Your experience applies equally to all skills.
You have very sharp teeth.
Your uncanny sense of smell can sniff out nearby items.


Message History

Okay, then.
You feel sick.
You feel sick.
You feel sick.
You feel sick.
You open the door. 3 orcs, an orc warrior and a crimson imp come into view.
The orc shouts!
The crimson imp shouts!
You close the door.
You feel sick.
You feel sick.
A crimson imp opens the door.
The crimson imp blinks!
You feel sick.
You see here a ring mail.
k - a ring mail You feel sick.
There is a stone staircase leading up here.
You climb upwards.
The centaur wields a shortbow.
The centaur shoots an arrow.
The arrow hits you.
You die...

#.###.# #.....#
#..####
#<.#######
#.........
##.####### #.#
#.# #@#
#.......c..#
#...###.####...
## #.# #.# #.#
..# ###


You could see a centaur.

Vanquished Creatures
  A sky beast (D:5)
  3 scorpions
  A vampire bat (D:5)
  2 crimson imps
  A hound (D:5)
  3 orc wizards (D:5)
  4 worker ants (D:4)
  4 adders
  4 gnolls (D:4)
  3 fire bats (D:5)
  3 orcs (D:5)
  2 spectral bats (D:5)
  A ball python (D:2)
  3 bat skeletons (D:5)
  A bat zombie (D:5)
  2 giant cockroaches
  A hobgoblin (D:2)
  2 jackals
  2 kobolds (D:2)
  12 bats
  A bat simulacrum (D:5)
  A frilled lizard (D:4)
  2 goblins
  A leopard gecko skeleton (D:4)
  A quokka skeleton (D:4)
  5 rats
  A plant (D:4)
67 creatures vanquished.

Notes
Turn   | Place    | Note
-------+----------+-------------------------------------------
     0 | D:1      | iamserjio the Gnoll Assassin began the quest for the Orb.
     0 | D:1      | Reached XP level 1. HP: 20/20 MP: 1/1
   184 | D:2      | Reached XP level 2. HP: 23/26 MP: 2/2
   249 | D:2      | Reached XP level 3. HP: 30/31 MP: 3/3
   327 | D:2      | Reached skill level 1 in Invocations
   417 | D:3      | Reached skill level 1 in Long Blades
   417 | D:3      | Reached skill level 1 in Axes
   417 | D:3      | Reached skill level 1 in Maces & Flails
   417 | D:3      | Reached skill level 1 in Polearms
   417 | D:3      | Reached skill level 1 in Staves
   417 | D:3      | Reached skill level 1 in Slings
   417 | D:3      | Reached skill level 1 in Bows
   417 | D:3      | Reached skill level 1 in Crossbows
   417 | D:3      | Reached skill level 1 in Armour
   417 | D:3      | Reached skill level 1 in Shields
   417 | D:3      | Reached skill level 1 in Unarmed Combat
   417 | D:3      | Reached skill level 1 in Spellcasting
   417 | D:3      | Reached skill level 1 in Evocations
   434 | D:4      | Noticed a scorpion
   645 | D:4      | Killed a scorpion
   645 | D:4      | Reached skill level 1 in Conjurations
   645 | D:4      | Reached skill level 1 in Hexes
   645 | D:4      | Reached skill level 1 in Charms
   645 | D:4      | Reached skill level 1 in Summonings
   645 | D:4      | Reached skill level 1 in Necromancy
   645 | D:4      | Reached skill level 1 in Translocations
   645 | D:4      | Reached skill level 1 in Transmutations
   645 | D:4      | Reached skill level 1 in Fire Magic
   645 | D:4      | Reached skill level 1 in Ice Magic
   645 | D:4      | Reached skill level 1 in Air Magic
   645 | D:4      | Reached skill level 1 in Earth Magic
   645 | D:4      | Reached skill level 1 in Poison Magic
   645 | D:4      | Reached XP level 4. HP: 35/38 MP: 5/5
   649 | D:4      | Found a shimmering altar of Xom.
   650 | D:4      | Found a radiant altar of Vehumet.
   665 | D:4      | Reached XP level 5. HP: 31/43 MP: 5/7
   676 | D:4      | HP: 2/43 [gnoll/flail of protection (14)]
   721 | D:4      | Reached skill level 8 in Stealth
   782 | D:4      | Reached XP level 6. HP: 13/50 MP: 8/8
   916 | D:5      | Entered Level 5 of the Dungeon
  1011 | D:5      | Reached skill level 5 in Fighting
  1011 | D:5      | Reached skill level 5 in Short Blades
  1011 | D:5      | Reached skill level 5 in Throwing
  1122 | D:5      | Reached XP level 7. HP: 39/56 MP: 10/10
  1276 | D:5      | Shot with an arrow by a centaur

Vault maps used:
D:1:      evilmike_arrival_fibonacci_small, serial_park_tiny_2
D:2:      first_ration
D:4:      chequers_temple_overflow_statue_of_worship, serial_bayou,
          serial_bayou_pond_e, serial_bayou_pond_a, serial_bayou_pond_e,
          serial_bayou_lake_a, serial_bayou_ford_a, serial_bayou_shore_b,
          kennysheep_nondescript, nicolae_zen_rock_garden
D:5:      goddamned_bats
D:6:      nicolae_overflow_crystal_walls, led_sif_pool,
          chequers_ossuary_entry_cave

Skill      XL: |  1  2  3  4  5  6  7 |
---------------+----------------------+-----
Invocations    | 1 2 |  2.9
Long Blades    | 1 2 |  2.6
Axes           | 1 2 |  2.6
Maces & Flails | 1 2 |  2.6
Polearms       | 1 2 |  2.6
Staves         | 1 2 |  2.6
Slings         | 1 2 |  2.6
Bows           | 1 2 |  2.6
Crossbows      | 1 2 |  2.6
Armour         | 1 2 |  2.6
Shields        | 1 2 |  2.6
Unarmed Combat | 1 2 |  2.6
Spellcasting   | 1 2 |  2.6
Evocations     | 1 2 |  2.6
Conjurations   | 1 2 |  2.1
Hexes          | 1 2 |  2.1
Charms         | 1 2 |  2.1
Summonings     | 1 2 |  2.1
Necromancy     | 1 2 |  2.1
Translocations | 1 2 |  2.1
Transmutations | 1 2 |  2.1
Fire Magic     | 1 2 |  2.1
Ice Magic      | 1 2 |  2.1
Air Magic      | 1 2 |  2.1
Earth Magic    | 1 2 |  2.1
Poison Magic   | 1 2 |  2.1
Dodging        | 3 |  3.7
Stealth        | 8 |  8.2
Fighting       | 5 |  5.3
Short Blades   | 5 |  5.3
Throwing       | 5 |  5.3

Action                   |  1- 3 |  4- 6 |  7- 9 || total
-------------------------+-------+-------+-------++-------
Melee: Dagger            |    23 |       |       ||    23
       Bite              |     9 |    15 |     2 ||    26
       Long sword        |    41 |    21 |    27 ||    89
       Flail             |       |   118 |    16 ||   134
       Blowgun           |       |       |     1 ||     1
       Punch             |       |       |     1 ||     1
 Fire: Blowgun           |       |       |    10 ||    10
Evoke: Wand              |       |     4 |       ||     4
  Use: Scroll            |     9 |       |       ||     9
       Potion            |     1 |       |     1 ||     2
 Stab: Sleeping          |     7 |     5 |       ||    12
  Eat: Chunk             |       |     1 |       ||     1
Armor: Robe              |    17 |       |       ||    17
       Leather armour    |       |    96 |    20 ||   116
       Skin              |       |       |    19 ||    19
Dodge: Dodged            |    49 |   127 |    20 ||   196
       Rpst.: Long sword |    13 |     3 |     6 ||    22

Table legend:
 A = Spawn XP
 B = Non-spawn XP
 C = Spawn XP percentage of total XP
 D = Spawn monster count
 E = Non-spawn monster count
 F = Spawn count percentage of total count
 G = Total turns spent on level
                    A         B        C        D         E        F      G
               +---------+---------+-------+---------+---------+-------+---------
         Total |       0 |    1059 |   0.0 |       0 |      66 |   0.0 |  1276
               +---------+---------+-------+---------+---------+-------+---------
           D:1 |       0 |       4 |   0.0 |       0 |       4 |   0.0 |    82
           D:2 |       0 |      59 |   0.0 |       0 |      14 |   0.0 |   281
           D:3 |       0 |      14 |   0.0 |       0 |       2 |   0.0 |    69
           D:4 |       0 |     269 |   0.0 |       0 |      14 |   0.0 |   484
           D:5 |       0 |     589 |   0.0 |       0 |      30 |   0.0 |   331
           D:6 |       0 |     124 |   0.0 |       0 |       2 |   0.0 |    29
               +---------+---------+-------+---------+---------+-------+---------
